 Dungeon Crawl Stone Soup version 0.26.1-11-gd32895ea62 (webtiles) character file.

Game seed: 7413252506018092441

15523 RepoMan the Transmogrifier (level 12, -3/83 HPs)
             Began as an Octopode Transmuter on July 23, 2021.
             Was an Initiate of Gozag.
             Slain by an orc warlord
             ... wielding a +2 great mace of venom
              (25 damage)
             ... on level 1 of the Orcish Mines.
             The game lasted 01:59:21 (21210 turns).

RepoMan the Transmogrifier (Octopode Transmuter)   Turns: 21210, Time: 01:59:22

Health: -3/83      AC:  2    Str:  9    XL:     12   Next: 27%
Magic:  16/21      EV: 28    Int: 19    God:    Gozag
Gold:   1102       SH:  5    Dex: 19    Spells: 1/23 levels left

rFire    . . .     SeeInvis .     - Unarmed
rCold    . . .     Faith    .   (shield currently unavailable)
rNeg     . . .     Spirit   .   (helmet currently unavailable)
rPois    x         Reflect  +   z - amulet of reflection
rElec    .         Harm     .   j - ring of resist corrosion
rCorr    +         Rampage  .   (no ring)
Will     .....                  (no ring)
Stlth    ++........             (no ring)
HPRegen  0.23/turn              (no ring)
MPRegen  0.17/turn              (no ring)
                                (no ring)
                                (no ring)

@: mighty, lethally poisoned (-3 -> -50), spider-form, gold aura
A: tiny, almost no armour, stealthy swim, (amphibious), 8 rings, (constrict 8)
a: End Transformation, Renounce Religion, Potion Petition, Call Merchant, Bribe
Branch


You were on level 1 of the Orcish Mines.
You worshipped Gozag.
Gozag was most pleased with you.
You were a venomous arachnid creature.
You visited 4 branches of the dungeon, and saw 15 of its levels.
You also visited: Ossuary.

You collected 3089 gold pieces.
You spent 724 gold pieces at shops.
You paid 1263 gold pieces to Gozag.

Inventory:

Jewellery
 j - a ring of resist corrosion (left front leg)
 k - an uncursed ring of fire
 s - an uncursed ring of ice
 z - an amulet of reflection (around neck)
Wands
 l - a wand of polymorph (9)
 p - a wand of iceblast (6)
 t - a wand of random effects (19)
 y - a wand of enslavement (4)
 A - a wand of digging (13)
Scrolls
 e - 4 scrolls of amnesia
 h - 4 scrolls of enchant armour
 i - 18 scrolls of identify
 m - 3 scrolls of teleportation
 n - 10 scrolls of remove curse
 q - 6 scrolls of immolation
 x - a scroll of magic mapping
Potions
 a - 3 potions of resistance
 b - 2 potions of mutation
 c - 4 potions of curing
 d - a potion of might
 f - 2 potions of brilliance
 g - 2 potions of flight
 o - a potion of haste
 u - 2 potions of ambrosia


   Skills:
 + Level 8.3 Fighting
 + Level 8.4 Dodging
 * Level 10.1 Unarmed Combat
 - Level 6.0 Spellcasting
 - Level 4.0 Hexes
 + Level 10.5 Transmutations


You had one spell level left.
You knew the following spells:

 Your Spells              Type           Power        Failure   Level
a - Beastly Appendage     Tmut           90%          1%          1
b - Blink                 Tloc           N/A          36%         2
c - Confusing Touch       Hex            21%          17%         3
e - Passwall              Tmut/Erth      20%          8%          2
i - Ice Form              Ice/Tmut       25%          30%         4
p - Petrify               Tmut/Erth      25%          30%         4
q - Corona                Hex            23%          9%          1
s - Spider Form           Tmut/Pois      12%          12%         3
w - Wereblood             Tmut           45%          2%          2

Your spell library contained the following spells:

 Spells                   Type           Power        Failure   Level
 Magic Dart               Conj           20%          26%         1
 Sandblast                Erth           10%          26%         1
 Slow                     Hex            21%          11%         2
 Blade Hands              Tmut           22%          13%         5
 Tukima's Dance           Hex            21%          17%         3
 Ensorcelled Hibernation  Hex/Ice        26%          21%         2
 Dazzling Flash           Conj/Hex       26%          32%         3
 Yara's Violent Unravell  Hex/Tmut       16%          34%         5
 Call Imp                 Summ           5%           36%         2
 Searing Ray              Conj           10%          36%         2
 Conjure Flame            Conj/Fire      5%           54%         3
 Gell's Gravitas          Tloc           2%           54%         3
 Mephitic Cloud           Conj/Pois/Air  5%           54%         3
 Stone Arrow              Conj/Erth      10%          54%         3
 Fulminant Prism          Conj/Hex       6%           65%         4
 Iskenderun's Mystic Bla  Conj/Tloc      5%           88%         4
 Metabolic Englaciation   Hex/Ice        6%           92%         5
 Lee's Rapid Deconstruct  Erth           2%           99%         5


Dungeon Overview and Level Annotations

Branches:
Dungeon (11/15)            Temple (1/1) D:4            Lair (2/6) D:9
 Shoals (0/4) Lair:2          Orc (1/2) D:10        Ossuary (visited)
  Snake: Lair:2-4    Spider: Lair:2-4

Altars:
Ashenzari
Cheibriados
Dithmenos
Elyvilon
Fedhas
Gozag
Hepliaklqana
Kikubaaqudgha
Makhleb
Nemelex Xobeh
Okawaru
Qazlal
Ru
Sif Muna
Trog
Uskayaw
Vehumet
Wu Jian
Xom
Yredelemnul
Zin
The Shining One

Shops:
D:4 ?   D:6 ?   D:9 !   Lair:1 *

Annotations:
D:8 slimy ring, 1 runed translucent door
D:11 exclusion: ice statue
Lair:1 exclusion: downstairs


Innate Abilities, Weirdness & Mutations

You cannot wear most types of armour.
You are very stealthy in the water. (Stealth+)
((You are amphibious.))
You can wear up to eight rings at the same time.
((You can use your tentacles to constrict eight enemies at once.))
((Your skin changes colour to match your surroundings (Stealth+).))
((Your rubbery body absorbs attacks. (AC +1, EV +1)))


Message History

Items here: )))) [[[[.
You strike the helpless orc warlord from behind!
You hit the orc warlord.
The orc warlord looks as sick as possible!
The orc warlord is moderately wounded.
You feel very sick.
You catch the helpless orc warlord completely off-guard!
You maul the orc warlord!!
The orc warlord looks as sick as possible!
The orc warlord is heavily wounded.
You feel very sick.
You catch the helpless orc warlord completely off-guard!
You hit the orc warlord.
The orc warlord looks as sick as possible!
The orc warlord is heavily wounded.
* * * LOW HITPOINT WARNING * * *
You feel very sick.
The orc warlord hits you with a +2 great mace of venom!!
You die...
Your body crumbles into a pile of gold.

.......# .......#
.......## ###
........# ##.##
....#...# #...##
.......## #####.s<#
#.....#.###.####o$##
........)....###)..#
..........[..##.#[##
..........[...[[...#
......##..)#...[...#
.......#######.##.##
...##.## ######
....###


You could see an orc warlord (confused, extremely poisoned).

Vanquished Creatures
  Erolcha (D:9)
  A hydra (D:11)
  2 two-headed ogres
  Urug (Lair:1)
  Nergalle (Lair:1)
  An unseen horror (D:11)
  2 orc knights (D:10)
  4 kobold demonologists (D:11)
  A troll (D:10)
  3 wyverns
  6 yaks
  2 steam dragons (D:8)
  A warg (Orc:1)
  A soldier ant (D:10)
  2 water moccasins
  Duvessa (D:7)
  18 orc warriors
  An eye of draining (D:11)
  2 sky beasts
  A necrophage (D:9)
  An ice beast (D:7)
  3 phantoms
  A black bear (D:9)
  3 ogres
  14 centaurs
  Blork the orc (D:4)
  2 big kobolds
  10 bullfrogs
  A water moccasin zombie (D:5)
  Dowan (D:7)
  2 scorpions
  4 wights
  8 howler monkeys
  A bullfrog skeleton (D:5)
  3 hounds
  4 jellies
  2 centaur skeletons
  9 orc priests
  Crazy Yiuf (D:5)
  Jessica (D:2)
  14 orc wizards
  3 iguanas
  15 worker ants
  3 killer bee zombies
  A hound skeleton (D:6)
  13 mummies (Ossuary)
  A howler monkey zombie (D:7)
  11 adders
  A howler monkey skeleton (D:4)
  2 white imps
  2 ufetubi
  An ooze (D:3)
  2 adder skeletons
  2 adder zombies
  A worm (D:2)
  A dart slug (D:2)
  7 leopard geckos
  46 orcs
  6 giant cockroaches
  13 goblins
  6 hobgoblins
  19 jackals
  5 quokkas
  A ball python (D:2)
  10 bats
  6 frilled lizards
  A gnoll skeleton (Ossuary)
  3 goblin skeletons (Ossuary)
  2 goblin zombies (D:5)
  14 kobolds
  A kobold skeleton (Ossuary)
  A leopard gecko skeleton (D:4)
  2 leopard gecko zombies
  3 orc skeletons (Ossuary)
  A quokka zombie (D:7)
  7 rats
  11 rat skeletons (Ossuary)
362 creatures vanquished.

Vanquished Creatures (collateral kills)
  An ogre (D:10)
1 creature vanquished.

Vanquished Creatures (others)
  A centaur (D:10)
  2 orcs
  4 fungi
  12 plants
19 creatures vanquished.

Grand Total: 382 creatures vanquished

Notes
Turn   | Place    | Note
-------+----------+-------------------------------------------
     0 | D:1      | RepoMan the Octopode Transmuter began the quest for the
                  | Orb.
     0 | D:1      | Reached XP level 1. HP: 13/13 MP: 3/3
    90 | D:1      | Reached XP level 2. HP: 9/18 MP: 3/5
   100 | D:1      | Learned a level 2 spell: Wereblood
   576 | D:1      | Reached XP level 3. HP: 23/23 MP: 4/6
   688 | D:1      | You fall into a shaft and drop 1 floor!
  1138 | D:2      | Noticed Jessica
  1156 | D:2      | Killed Jessica
  1157 | D:2      | Reached XP level 4. HP: 5/28 MP: 5/7
  2370 | D:2      | Reached XP level 5. HP: 28/34 MP: 8/8
  3424 | D:4      | Found Ilaawnid's Magic Scroll Shop.
  3432 | D:4      | Bought a scroll of identify for 26 gold pieces
  3432 | D:4      | Bought a scroll of identify for 26 gold pieces
  3668 | D:4      | Reached XP level 6. HP: 32/40 MP: 8/10
  3669 | D:4      | Found a staircase to the Ecumenical Temple.
  3672 | D:4      | Noticed Blork the orc
  3678 | Temple   | Entered the Ecumenical Temple
  3719 | Temple   | Became a worshipper of Gozag Ym Sagoz the Greedy
  3815 | Temple   | Learned a level 3 spell: Spider Form
  3828 | D:4      | Noticed a phantom
  3844 | D:4      | Killed Blork the orc
  4006 | D:4      | Killed a phantom
  4007 | D:4      | Reached XP level 7. HP: 21/45 MP: 11/11
  4303 | D:4      | Learned a level 1 spell: Corona
  4307 | D:4      | Learned a level 3 spell: Confusing Touch
  4553 | D:4      | Reached skill level 1 in Hexes
  4553 | D:4      | Reached skill level 5 in Transmutations
  4957 | D:5      | Entered Level 5 of the Dungeon
  5104 | D:5      | Reached XP level 8. HP: 9/52 MP: 13/13
  5219 | D:5      | Learned a level 2 spell: Blink
  5293 | D:5      | Found a runed translucent door.
  5581 | D:5      | Found a sand-covered staircase.
  5588 | Ossuary  | Entered an ossuary
  6966 | D:5      | Noticed Crazy Yiuf
  6981 | D:5      | Killed Crazy Yiuf
  7155 | D:6      | Reached skill level 5 in Unarmed Combat
  7603 | D:6      | Reached XP level 9. HP: 30/58 MP: 15/15
  9003 | D:7      | Noticed Dowan
  9010 | D:7      | Noticed Duvessa
  9028 | D:7      | Killed Dowan
  9029 | D:7      | Killed Duvessa
  9030 | D:7      | Reached skill level 5 in Dodging
  9063 | D:7      | Learned a level 2 spell: Passwall
  9662 | D:7      | Reached skill level 5 in Fighting
  9949 | D:7      | You fall into a shaft and drop 2 floors!
  9950 | D:9      | Noticed Erolcha
  9978 | D:8      | Reached skill level 5 in Spellcasting
 10362 | D:7      | Found an ancient bone altar of Kikubaaqudgha.
 10712 | D:6      | Bought a scroll of noise for 14 gold pieces
 10712 | D:6      | Bought a scroll of identify for 28 gold pieces
 10712 | D:6      | Bought a scroll of fear for 49 gold pieces
 10712 | D:6      | Bought a scroll of identify for 28 gold pieces
 10998 | D:8      | Learned a level 4 spell: Ice Form
 11021 | D:8      | Reached XP level 10. HP: 65/66 MP: 10/17
 11273 | D:8      | You fall into a shaft and drop 2 floors!
 11273 | D:10     | Entered Level 10 of the Dungeon
 11275 | D:10     | Found a staircase to the Orcish Mines.
 11321 | D:10     | HP: 3/66 [troll (8)]
 11974 | D:10     | HP: 3/67 [troll (12)]
 12468 | D:9      | Found Deet's Distillery.
 12486 | D:9      | Bought a potion of mutation for 88 gold pieces
 12486 | D:9      | Bought a potion of berserk rage for 55 gold pieces
 12486 | D:9      | Bought a potion of heal wounds for 55 gold pieces
 12486 | D:9      | Bought a potion of lignification for 33 gold pieces
 12830 | D:9      | Found a staircase to the Lair.
 13212 | D:8      | Noticed a two-headed ogre
 13241 | D:8      | Killed a two-headed ogre
 13393 | D:8      | Found a glowing silver altar of Zin.
 13393 | D:8      | Found a runed translucent door.
 13393 | D:8      | Noticed an angel
 14153 | D:9      | Killed Erolcha
 14154 | D:9      | Reached XP level 11. HP: 31/74 MP: 16/20
 14410 | D:9      | Found a sparkling altar of Nemelex Xobeh.
 14754 | Lair:1   | Entered Level 1 of the Lair of Beasts
 15184 | Lair:1   | Noticed Urug
 15204 | Lair:1   | Killed Urug
 15680 | Lair:1   | Noticed Nergalle
 15699 | Lair:1   | Killed Nergalle
 15790 | Lair:2   | Found a staircase to the Shoals.
 15790 | Lair:2   | Noticed an eight-headed hydra
 15803 | Lair:1   | Bought a potion of curing for 42 gold pieces
 15803 | Lair:1   | Bought an uncursed ring of resist corrosion for 280 gold
                  | pieces
 15964 | Lair:2   | Learned a level 4 spell: Petrify
 16069 | Lair:2   | Noticed a five-headed hydra
 17370 | D:11     | Noticed a four-headed hydra
 17466 | D:11     | Killed a four-headed hydra
 17757 | D:11     | Noticed a two-headed ogre
 17773 | D:11     | Killed a two-headed ogre
 17774 | D:11     | Reached skill level 10 in Transmutations
 18202 | D:11     | Killed an unseen horror
 18203 | D:11     | Reached XP level 12. HP: 22/82 MP: 21/21
 18831 | Orc:1    | Entered Level 1 of the Orcish Mines
 19813 | D:10     | HP: 4/82 [orc knight/+0 long sword (22)]
 19827 | D:10     | Reached skill level 10 in Unarmed Combat
 20716 | Orc:1    | Noticed an orc warlord
 21210 | Orc:1    | Slain by an orc warlord

Illustrated notes

Levels and vault maps discovered:
D:1:      minmay_arrival_radiant_lines, layout_basic
D:2:      minmay_recursive_quarters, layout_loops_ring, uniq_jessica
D:3:      layout_rooms, serial_curves, eino_curves_04, eino_curves_02,
          eino_curves_03, eino_curves_01, minmay_misc_feat_more_columns
D:4:      layout_loops_ring, minmay_temple_entry_statues_pillars, serial_shops,
          nicolae_shop_waterfront, st_stairs_8, minivault_5,
          minmay_misc_feat_five, uniq_blork_the_orc
D:5:      layout_basic, enter_ossuary_4, uniq_crazy_yiuf_cottage
D:6:      layout_loops_ring, hangedman_decor_riveting
D:7:      layout_basic, lemuel_round_altar, uniq_duvessa
D:8:      cheibrodos_steamvent, layout_rooms, minivault_21, lemuel_angel_altar
D:9:      layout_irregular_city, grunt_lair_entry_orc_guard_hut, serial_shops,
          shop, nemelex_xobeh_ov_fountains_minmay, uniq_erolcha
D:10:     layout_roguey, orc_0_dummy, grunt_decor_junction, minivault_1
D:11:     layout_irregular_city, minmay_statue_bubble
Temple:   dpeg_three_leaves_temple
Lair:1:   layout_cave_pods, uniq_urug, uniq_nergalle
Lair:2:   layout_chaotic_city, minmay_shoals_entry_lonely_mermaid
Orc:1:    layout_caves

Skill      XL: |  1  2  3  4  5  6  7  8  9 10 11 12 |
---------------+-------------------------------------+-----
Transmutations | 3 4 5 6 7 9 10 | 10.5
Fighting       | 2 3 4 5 6 7 8 |  8.3
Dodging        | 3 4 5 6 8 |  8.4
Spellcasting   | 3 4 5 6 |  6.0
Unarmed Combat | 4 5 6 7 9 10 | 10.1
Hexes          | 1 3 4 |  4.0

Action                   |  1- 3 |  4- 6 |  7- 9 | 10-12 || total
-------------------------+-------+-------+-------+-------++-------
Melee: Unarmed           |    70 |   160 |   463 |   658 ||  1351
       Kick              |    16 |    25 |   120 |    65 ||   226
       Constrict         |    20 |    36 |    99 |    57 ||   212
       Tentacles         |     9 |    23 |    82 |    70 ||   184
       Punch             |     1 |     6 |    10 |    20 ||    37
 Cast: Beastly Appendage |    12 |    18 |    50 |    30 ||   110
       Wereblood         |       |     1 |     4 |     1 ||     6
       Spider Form       |       |     1 |     3 |    37 ||    41
       Confusing Touch   |       |       |     3 |    47 ||    50
       Blink             |       |       |     2 |     7 ||     9
       Passwall          |       |       |       |     3 ||     3
       Ice Form          |       |       |       |     3 ||     3
       Corona            |       |       |       |     1 ||     1
Invok: Call Merchant     |       |       |     1 |     1 ||     2
       Potion Petition   |       |       |       |     1 ||     1
 Abil: End Transformatio |       |       |       |     1 ||     1
Evoke: Wand              |       |       |    12 |    21 ||    33
  Use: Scroll            |       |     7 |    11 |     6 ||    24
       Potion            |       |     2 |    13 |    12 ||    27
 Stab: Sleeping          |     1 |    10 |    11 |     5 ||    27
       Distracted        |     1 |       |     1 |     3 ||     5
       Invisible         |       |     4 |     3 |       ||     7
       Paralysed         |       |       |     9 |    13 ||    22
       Confused          |       |       |     3 |    44 ||    47
Armor: Skin              |     6 |    14 |    25 |    10 ||    55
Dodge: Dodged            |    30 |   100 |   213 |   483 ||   826
Block: Other             |       |       |     2 |   119 ||   121
       Reflection        |       |       |       |     9 ||     9
